 Dungeon Crawl Stone Soup version 0.28.0-43-g3370ac3207 (webtiles) character file.

Game seed: 7531767264129475706

1192 nickcage the Basher (level 8, -5/64 HPs)
             Began as a Minotaur Fighter on Mar 7, 2022.
             Killed from afar by an electric eel (7 damage)
             ... with a bolt of electricity
             ... on level 6 of the Dungeon.
             The game lasted 00:11:02 (5224 turns).

nickcage the Basher (Minotaur Fighter)              Turns: 5224, Time: 00:11:02

Health: -5/64      AC: 13    Str: 23    XL:     8   Next: 20%
Magic:  7/7        EV:  6    Int:  5    God:
Gold:   250        SH:  4    Dex: 10    Spells: 7/7 levels left

rFire   + . .      SeeInvis .   a - +1 flail
rCold   + . .      Faith    .   c - +0 buckler
rNeg    . . .      Spirit   .   l - +0 plate armour
rPois   .          Reflect  .   (helmet restricted)
rElec   .          Harm     .   u - scarf {rC+ rF+}
rCorr   .          Rampage  .   n - +0 pair of gloves
Will    .....                   p - +0 pair of boots
Stlth   ..........              o - amulet of the acrobat
HPRegen 0.20/turn               (no ring)
MPRegen 0.10/turn               (no ring)

@: no status effects
A: horns 2, retaliatory headbutt
a: no special abilities


You were on level 6 of the Dungeon.
You visited 1 branch of the dungeon, and saw 6 of its levels.

You collected 250 gold pieces.

Inventory:

Hand Weapons
 a - a +1 flail (weapon)
Missiles
 v - 6 boomerangs (quivered)
Armour
 c - a +0 buckler (worn)
 l - a +0 plate armour (worn)
 n - a +0 pair of gloves (worn)
 p - a +0 pair of boots (worn)
 u - a scarf of resistance (worn)
Jewellery
 b - a ring of magical power
 k - a ring of positive energy
 o - an amulet of the acrobat (around neck)
Wands
 q - a wand of digging (3)
Scrolls
 e - a scroll of enchant weapon
 h - 2 scrolls of immolation
 m - 2 scrolls of vulnerability {unknown}
 s - 2 scrolls of teleportation {unknown}
 w - a scroll of fear {unknown}
Potions
 d - a potion of might
 i - a potion of cancellation {unknown}
 t - a potion of mutation {unknown}


   Skills:
 - Level 3.6 Fighting
 + Level 11.9 Maces & Flails
 + Level 0.2 Throwing
 - Level 3.6 Armour
 - Level 3.6 Shields


You had 7 spell levels left.
You didn't know any spells.
Your spell library contained the following spells:

 Spells                   Type           Power      Damage    Failure   Level
 Summon Small Mammal      Summ           0%         N/A       100%        1
 Corpse Rot               Necr/Air       0%         N/A       100%        2
 Call Canine Familiar     Summ           0%         N/A       100%        3
 Summon Guardian Golem    Hex/Summ       0%         N/A       100%        3
 Dispel Undead            Necr           0%         3d6       100%        4
 Death Channel            Necr           0%         N/A       100%        6


Dungeon Overview and Level Annotations

Branches:
Dungeon (6/15)
 Temple: D:4-7

Altars:
Trog

Shops:
D:5 :

Annotations:
D:4 1 runed translucent door, ChongLi's ghost, amateur OpNe


Innate Abilities, Weirdness & Mutations

You have a pair of horns on your head.
You reflexively headbutt those who attack you in melee.


Message History

The phantom is almost destroyed.
You closely miss the phantom.
The phantom is almost destroyed.
The electric eel shoots out a bolt of lightning at you!
The bolt of electricity hits you!
The phantom hits you but does no damage.
You hit the phantom.
You destroy the phantom!
You miss the electric eel. You hit the electric eel.
Your headbutt misses the electric eel.
The electric eel is moderately wounded.
You closely miss the electric eel.
The electric eel is moderately wounded.
You closely miss the electric eel. Your headbutt misses the electric eel.
The electric eel is moderately wounded.
You hear the quick hiss of a distant avalanche of sand.
You hit the electric eel. Your headbutt misses the electric eel.
The electric eel is heavily wounded.
You barely miss the electric eel.
The electric eel is heavily wounded.
The electric eel shoots out a bolt of lightning at you!
The bolt of electricity hits you!
* * * LOW HITPOINT WARNING * * *
You closely miss the electric eel.
The electric eel is heavily wounded.
The electric eel shoots out a bolt of lightning at you!
The bolt of electricity hits you!
* * * LOW HITPOINT WARNING * * *
You barely miss the electric eel.
The electric eel is heavily wounded.
You closely miss the electric eel.
The electric eel is heavily wounded.
The electric eel shoots out a bolt of lightning at you!
The bolt of electricity hits you!
* * * LOW HITPOINT WARNING * * *
You hit the electric eel. Your headbutt misses the electric eel.
The electric eel is severely wounded.
The electric eel shoots out a bolt of lightning at you!
The bolt of electricity hits you!
You die...

....... .. ........
.. .......###≈
#....#... # #.
#....#.⌠ ≈#
#.##....#. #≈≈#..
.<.#.....###≈≈≈≈###
..........@S≈≈≈≈≈.
#.........≈≈≈≈≈≈.
##.#....###≈≈≈≈## .
##..#...#≈≈#...#
##.#.⌠.#≈≈# ⌠.#...
#.#...#≈≈#...#..#
#..###≈..≈###...#####
#.................#.
######..............


You could see an electric eel.

Vanquished Creatures
  A steam dragon (D:5)
  A water moccasin (D:5)
  An ice beast (D:5)
  A sky beast (D:6)
  An ogre (D:5)
  A centaur (D:4)
  A phantom (D:6)
  A wyvern zombie (D:4)
  3 scorpions
  A gnoll sergeant (D:6)
  A jelly (D:5)
  4 gnolls
  8 adders
  An ufetubus (D:5)
  2 worms (D:2)
  5 dart slugs
  6 orcs
  5 endoplasms
  5 giant cockroaches
  7 hobgoblins
  9 jackals
  A quokka (D:4)
  6 ball pythons
  7 bats
  5 frilled lizards
  8 goblins
  11 kobolds
  15 rats
118 creatures vanquished.

Vanquished Creatures (others)
  A jelly (D:5)
  A bullfrog skeleton (D:5)
  An adder (D:6)
3 creatures vanquished.

Grand Total: 121 creatures vanquished

Notes
Turn   | Place    | Note
-------+----------+-------------------------------------------
     0 | D:1      | nickcage the Minotaur Fighter began the quest for the Orb.
     0 | D:1      | Reached XP level 1. HP: 19/19 MP: 0/0
    24 | D:1      | Reached skill level 3 in Maces & Flails
    52 | D:1      | Reached XP level 2. HP: 25/26 MP: 1/1
   380 | D:1      | Reached skill level 4 in Maces & Flails
   582 | D:2      | Found a faded altar of an unknown god.
   597 | D:2      | Reached XP level 3. HP: 25/31 MP: 2/2
   882 | D:2      | Reached skill level 5 in Maces & Flails
  1067 | D:2      | Reached XP level 4. HP: 38/39 MP: 3/3
  1790 | D:3      | Reached skill level 6 in Maces & Flails
  2280 | D:4      | Noticed a centaur
  2290 | D:4      | Killed a centaur
  2291 | D:4      | Reached skill level 7 in Maces & Flails
  2291 | D:4      | Reached XP level 5. HP: 33/45 MP: 4/4
  2406 | D:4      | Reached XP level 6. HP: 48/51 MP: 5/5
  2617 | D:4      | Found a bloodstained altar of Trog.
  2858 | D:4      | Reached skill level 8 in Maces & Flails
  3148 | D:4      | Found a runed translucent door.
  3155 | D:4      | Noticed ChongLi's ghost (amateur OpNe)
  3456 | D:5      | Entered Level 5 of the Dungeon
  3660 | D:5      | Reached skill level 9 in Maces & Flails
  3660 | D:5      | Reached XP level 7. HP: 48/57 MP: 6/6
  3990 | D:5      | Reached skill level 10 in Maces & Flails
  4156 | D:5      | Found Iqaun's Book Shoppe.
  4702 | D:6      | Noticed a steam dragon
  4729 | D:5      | Killed a steam dragon
  4730 | D:5      | Reached skill level 11 in Maces & Flails
  4794 | D:5      | Reached XP level 8. HP: 12/64 MP: 7/7
  5223 | D:6      | HP: 2/64 [electric eel/bolt of electricity (8)]
  5224 | D:6      | Killed from afar by an electric eel

Illustrated notes

Levels and vault maps discovered:
D:1:      dpeg_arrival_ratfight, layout_rooms
D:2:      layout_rooms, hellmonk_ecumenical_altar_blasted
D:3:      layout_basic
D:4:      layout_basic, mainiacjoe_overflow_concentric_impassable,
          hellmonk_ghost_happy_afterlife, dk_noncrumbling_2
D:5:      layout_rooms, serial_corexii_hall, chequers_hall_statues_y,
          corexii_hall_statues_x, chequers_hall_statues_wall_a,
          chequers_hall_statues_y, serial_shops, nicolae_shop_behind_doors,
          hex_medium, chequers_serial_rivers_micro_d, lemuel_flame_loot_1
D:6:      layout_cave_pools, serial_rivers, chequers_serial_rivers_micro_d,
          chequers_serial_rivers_small_b, chequers_serial_rivers_room_b,
          chequers_serial_rivers_small_b, chequers_serial_rivers_small_3,
          chequers_serial_rivers_marsh, enter_ossuary_3, fountainhead,
          uniq_pikel

Skill      XL: |  1  2  3  4  5  6  7 |
---------------+----------------------+-----
Maces & Flails | 3 4 5 7 9 11 | 11.9
Fighting       | |  3.6
Throwing       | |  0.2
Armour         | |  3.6
Shields        | |  3.6

Action                   |  1- 3 |  4- 6 |  7- 9 || total
-------------------------+-------+-------+-------++-------
Melee: Flail             |   109 |   152 |    80 ||   341
       Headbutt          |     7 |    18 |    16 ||    41
Throw: Stone             |       |     1 |       ||     1
  Use: Scroll            |       |       |     4 ||     4
       Potion            |       |       |     3 ||     3
Armor: Scale mail        |    30 |       |       ||    30
       Plate armour      |    36 |    78 |    34 ||   148
Dodge: Dodged            |    44 |    67 |    28 ||   139
Block: Buckler           |    25 |    38 |    13 ||    76
